 Dungeon Crawl Stone Soup version 0.27-a0-457-gba82baf56e (webtiles) character file.

Game seed: 666204144623626049

84 Gaff the Sneak (level 4, -2/27 HPs)
             Began as a Kobold Brigand on Feb 28, 2021.
             Slain by an iguana (6 damage)
             ... on level 4 of the Dungeon.
             The game lasted 00:05:03 (2295 turns).

Gaff the Sneak (Kobold Brigand)                     Turns: 2295, Time: 00:05:04

Health: -2/27      AC:  6    Str:  8    XL:     4   Next: 74%
Magic:  4/4        EV: 14    Int: 12    God:
Gold:   129        SH:  0    Dex: 17    Spells: 3/3 levels left

rFire    . . .     SeeInvis .   a - +2 dagger
rCold    . . .     Faith    .   (shield restricted)
rNeg     . . .     Spirit   .   f - +0 leather armour
rPois    .         Reflect  .   (no helmet)
rElec    .         Harm     .   c - +0 cloak
rCorr    .         Rampage  .   g - +0 pair of gloves
Will     .....                  n - +0 pair of boots
Stlth    ++++......             (no amulet)
HPRegen  0.09/turn              (no ring)
MPRegen  0.09/turn              (no ring)

@: no status effects
A: small, nightstalker 3
a: no special abilities


You were on level 4 of the Dungeon.
You visited 1 branch of the dungeon, and saw 4 of its levels.

You collected 129 gold pieces.

Inventory:

Hand Weapons
 a - a +2 dagger (weapon)
Missiles
 d - 32 poisoned darts (quivered)
 e - 2 curare-tipped darts
 o - 4 boomerangs
Armour
 b - a +0 robe
 c - a +0 cloak (worn)
 f - a +0 leather armour (worn)
 g - a +0 pair of gloves (worn)
 n - a +0 pair of boots (worn)
Wands
 q - a wand of flame (14)
 t - a wand of polymorph (7)
Scrolls
 i - a scroll of magic mapping
 k - a scroll of noise {unknown}
 p - 2 scrolls of teleportation {unknown}
 s - a scroll of identify
 v - a scroll of random uselessness
Potions
 h - a potion of haste {unknown}
 j - a potion of lignification {unknown}
 l - 2 potions of ambrosia {unknown}
 m - a potion of attraction {unknown}
 r - a potion of heal wounds
 u - a potion of degeneration


   Skills:
 + Level 2.8 Fighting
 + Level 3.5 Short Blades
 + Level 2.3 Throwing
 + Level 0.8 Armour
 + Level 1.8 Dodging
 + Level 6.5 Stealth


You had 3 spell levels left.
You didn't know any spells.
Your spell library was empty.

Dungeon Overview and Level Annotations

Branches:
Dungeon (4/15)
 Temple: D:4-7

Altars:
Dithmenos
Makhleb


Innate Abilities, Weirdness & Mutations

You are small and have problems with some larger weapons.
You are completely attuned to the shadows.


Message History

The iguana bites you!
* * * LOW HITPOINT WARNING * * *
You hit the iguana.
The iguana is moderately wounded.
The iguana bites you but does no damage.
There is a stone staircase leading down here.
You can't go up here!
The iguana bites you.
* * * LOW HITPOINT WARNING * * *
You climb downwards.
Found a stone staircase leading down.
There is a stone staircase leading up here.
You hit the iguana but do no damage.
The iguana is lightly wounded.
The iguana bites you.
* * * LOW HITPOINT WARNING * * *
You hit the iguana but do no damage.
The iguana is lightly wounded.
The iguana barely misses you.
You hit the iguana but do no damage.
The iguana is lightly wounded.
You hit the iguana but do no damage.
The iguana is lightly wounded.
The iguana misses you.
You hit the iguana.
The iguana is moderately wounded.
The iguana misses you.
You closely miss the iguana.
The iguana is lightly wounded.
The iguana closely misses you.
You hit the iguana.
The iguana is moderately wounded.
The iguana bites you.
* * * LOW HITPOINT WARNING * * *
You hit the iguana.
The iguana is heavily wounded.
You hit the iguana.
The iguana is heavily wounded.
The iguana bites you.
You die...

########
....@..#
###.l>...
#......
.....#.
#######


You could see an iguana.

Vanquished Creatures
  2 adders (D:2)
  A shadow imp (D:3)
  An ooze (D:1)
  A dart slug (D:1)
  2 leopard geckos (D:2)
  8 goblins
  5 hobgoblins
  4 jackals
  3 quokkas (D:2)
  A ball python (D:2)
  8 bats
  4 frilled lizards (D:2)
  3 kobolds
  8 rats
51 creatures vanquished.

Notes
Turn   | Place    | Note
-------+----------+-------------------------------------------
     0 | D:1      | Gaff the Kobold Brigand began the quest for the Orb.
     0 | D:1      | Reached XP level 1. HP: 12/12 MP: 1/1
   415 | D:1      | Reached XP level 2. HP: 18/18 MP: 2/2
   664 | D:1      | Reached XP level 3. HP: 22/22 MP: 3/3
   672 | D:1      | Reached skill level 6 in Stealth
  1396 | D:2      | Reached XP level 4. HP: 16/27 MP: 4/4
  1693 | D:2      | Found a shadowy altar of Dithmenos.
  1787 | D:2      | Found a burning altar of Makhleb.
  2295 | D:4      | Slain by an iguana

Illustrated notes

Levels and vault maps discovered:
D:1:      matt_arrival_los_fun, layout_loops_ring, wad_floor_pattern_1,
          kennysheep_pointless_box
D:2:      layout_loops_ring, marbit_many_paths,
          grunt_dithmenos_smoke_and_mirrors
D:3:      layout_basic, kennysheep_okawaru_gauntlet
D:4:      layout_basic, nzn_hepliaklqana_mist_gate

Skill      XL: |  1  2  3 |
---------------+----------+-----
Short Blades   | 3 |  3.5
Stealth        | 6 |  6.5
Fighting       | |  2.8
Throwing       | |  2.3
Armour         | |  0.8
Dodging        | |  1.8

Action                   |  1- 3 |  4- 6 || total
-------------------------+-------+-------++-------
Melee: Dagger            |   102 |    56 ||   158
  Use: Scroll            |       |     4 ||     4
 Stab: Sleeping          |     8 |    12 ||    20
       Distracted        |     1 |       ||     1
Armor: Leather armour    |    36 |    12 ||    48
Dodge: Dodged            |    72 |    26 ||    98

Table legend: (Time is in decaauts)
 A = Elapsed time spent in this place.
 B = Non-inter-level travel time spent in this place.
 C = Inter-level travel time spent in this place.
 D = Time resting spent in this place.
 E = Time spent auto-exploring this place.
 F = Levels seen in this place.
 G = Mean time per level.
                   A        B        C        D        E       F      G
               +--------+--------+--------+--------+--------+-----+--------+
         Total |   2271 |   2218 |     53 |    439 |   1323 |   4 |  567.8 |
       Dungeon |   2271 |   2218 |     53 |    439 |   1323 |   4 |  567.8 |
               +--------+--------+--------+--------+--------+-----+--------+

Top non-repeatable levels by time:
     D:1: 1170 daAuts
     D:2: 976 daAuts
     D:3: 116 daAuts
     D:4: 7 daAuts
